 Dungeon Crawl Stone Soup version 0.29.1-2-gbd0b4ee654 (webtiles) character file.

Game seed: 15040911999666124646

28 Descartes the Changer (level 2, -3/11 HPs)
             Began as a Felid Wanderer on Oct 27, 2022.
             Slain by an adder (4 damage)
             ... on level 1 of the Dungeon.
             The game lasted 00:04:27 (1887 turns).

Descartes the Changer (Felid Wanderer)              Turns: 1887, Time: 00:04:28

Health: -3/11      AC:  1    Str:  7    XL:     2   Next: 96%
Magic:  0/4        EV: 16    Int: 15    God:
Gold:   20         SH:  0    Dex: 14    Spells: 2/3 levels left
                                        Lives:  0   Deaths: 0

rFire   . . .      SeeInvis +   (weapon unavailable)
rCold   . . .      Faith    .   (shield unavailable)
rNeg    . . .      Spirit   +   (body armour unavailable)
rPois   .          Reflect  .   (helmet unavailable)
rElec   .          Harm     .   (cloak unavailable)
rCorr   .          Rampage  .   (gloves unavailable)
Will    .....                   (boots unavailable)
Stlth   ++........              f - amulet of guardian spirit
HPRegen 0.03/turn               (no ring)
MPRegen 0.09/turn               (no ring)

@: very slightly contaminated, quick
A: very small, claws 1, fangs 3, see invisible, speed 1, shaggy fur 1, stealthy
paws, no weapons or thrown items, no armour, multi-lived
a: no special abilities


You were on level 1 of the Dungeon.
You visited 1 branch of the dungeon, and saw 2 of its levels.

You collected 20 gold pieces.

Inventory:

Jewellery
 f - an amulet of guardian spirit (around neck)
Wands
 a - a wand of flame (4) (quivered)
Scrolls
 e - a scroll of teleportation {unknown}
 g - a scroll of identify {unknown}
 h - a scroll of immolation {unknown}
 i - a scroll of blinking {unknown}
Potions
 b - a potion of haste
 c - a potion of degeneration {unknown}
 d - a potion of berserk rage {unknown}
 j - a potion of brilliance {unknown}
 k - a potion of heal wounds {unknown}


   Skills:
 + Level 2.1 Dodging
 + Level 1.5 Stealth
 + Level 0.9 Unarmed Combat
 + Level 1.1 Spellcasting
 + Level 2.0 Translocations
 - Level 5.4 Transmutations
 + Level 1.0 Poison Magic
 - Level 2.1 Evocations


You had 2 spell levels left.
You knew the following spells:

 Your Spells              Type           Power      Damage    Failure   Level
a - Sting                 Tmut/Pois      40%        1d5       6%          1

Your spell library contained the following spells:

 Spells                   Type           Power      Damage    Failure   Level
 Apportation              Tloc           12%        N/A       11%         1
 Spider Form              Tmut/Pois      10%        N/A       19%         3
 Gell's Gravitas          Tloc           6%         N/A       32%         3
 Ice Form                 Ice/Tmut       9%         N/A       61%         4


Dungeon Overview and Level Annotations

Branches:
Dungeon (2/15)

Altars:


Innate Abilities, Weirdness & Mutations

You have sharp claws.
You have razor-sharp teeth.
You have supernaturally acute eyesight. (SInv)
You cover ground quickly. (Speed+)
You are covered in fur. (AC +1)
Your paws help you pounce on unaware monsters.
You are incapable of wielding weapons or throwing items.
You cannot wear armour.
You gain extra lives every three experience levels.


Message History

The adder attacks as you move away! The adder closely misses you.
The adder attacks as you move away! The adder barely misses you.
The adder attacks as you move away! The adder closely misses you.
There is a stone staircase leading up here.
The adder barely misses you.
You climb upwards.
There is a stone staircase leading down here.
Casting: Sting (safe; 6% risk of failure)
Confirm with . or Enter, or press ? or * to list all spells.
Aiming: Sting (safe; 6% risk of failure)
Press: ? - help, Shift-Dir - straight line, f - adder
Aim: an adder (53% to hit)
The sting misses the adder.
The adder barely misses you. x2
Casting: Sting (safe; 6% risk of failure)
Confirm with . or Enter, or press ? or * to list all spells.
Aiming: Sting (safe; 6% risk of failure)
Press: ? - help, Shift-Dir - straight line, f/p - adder
Aim: an adder (53% to hit)
The sting hits the adder.
The adder is poisoned.
The adder is moderately wounded.
The adder bites you.
Casting: Sting (safe; 6% risk of failure)
Confirm with . or Enter, or press ? or * to list all spells.
Aiming: Sting (safe; 6% risk of failure)
Press: ? - help, Shift-Dir - straight line, f/p - adder
Aim: an adder (moderately wounded, poisoned, 53% to hit)
You miscast Sting.
You are very lightly contaminated with residual magic.
Nothing appears to happen.
The adder bites you.
Casting: Sting (safe; 6% risk of failure)
Confirm with . or Enter, or press ? or * to list all spells.
Aiming: Sting (safe; 6% risk of failure)
Press: ? - help, Shift-Dir - straight line, f/p - adder
Aim: an adder (heavily wounded, poisoned, 53% to hit)
The sting hits the adder.
The adder looks even sicker.
The adder is heavily wounded.
The adder bites you. x2
* * * LOW HITPOINT WARNING * * *
The adder attacks as you move away! The adder bites you.
You die...

##.## #.....# #.###
#...# #.....# #.# #.#.#
#.....# #.# #...#
####### #.#
###.#########.## #.#
#.....##.......## #.#
#.#.#.##.##.....######.#
#.#.#.##.#.S...........#
#.#.........@).)########
#.###.##.###...##
#.###.##.####..#
#.....##.......#
################


You could see an adder (very poisoned).

Vanquished Creatures
  A worm (D:1)
  A dart slug (D:1)
  An endoplasm (D:1)
  2 goblins
  2 hobgoblins
  3 jackals
  3 kobolds (D:1)
  A ball python (D:2)
  2 bats
  4 frilled lizards
  3 rats (D:1)
23 creatures vanquished.

Notes
Turn   | Place    | Note
-------+----------+-------------------------------------------
     0 | D:1      | Descartes the Felid Wanderer began the quest for the Orb.
     0 | D:1      | Descartes set off with the following items: a wand of flame
                  | (4), a potion of haste; and the following spells available
                  | to memorise: Sting, Apportation, Spider Form, Gell's
                  | Gravitas, Ice Form.
     0 | D:1      | Reached XP level 1. HP: 7/7 MP: 3/3
     2 | D:1      | Learned a level 1 spell: Sting
   474 | D:1      | Found a faded altar of an unknown god.
   682 | D:1      | Reached skill level 1 in Stealth
   739 | D:1      | Reached XP level 2. HP: 11/11 MP: 1/4
  1754 | D:2      | Reached skill level 1 in Poison Magic
  1887 | D:1      | Slain by an adder

Illustrated notes

Levels and vault maps discovered:
D:1:      dpeg_arrival_windows_large_door, layout_loops_cross,
          basic_ecumenical_altar
D:2:      layout_loops_cross

Skill      XL: |  1  2 |
---------------+-------+-----
Stealth        | 1 |  1.5
Dodging        | 2 |  2.1
Translocations | 2 |  2.0
Poison Magic   | 1 |  1.0
Unarmed Combat | |  0.9
Spellcasting   | |  1.1
Transmutations | |  5.4
Evocations     | |  2.1

Action                   || total
-------------------------++-------
Melee: Unarmed           ||     1
       Bite              ||     1
 Cast: Sting             ||    48
Armor: Skin              ||     4
Dodge: Dodged            ||    25
